 Dungeon Sprint DCSS version 0.30.1-9-gdf580d7c3d (webtiles) character file.

Game seed: 8391292144067896382

233 boopmooplesden the Fighter (level 5, 0/56 HPs)
             Began as a Minotaur Fighter on Sept 25, 2023.
             Succumbed to a scorpion's poison
             ... in the Dungeon (Sprint II: "The Violet Keep of Menkaure").
             The game lasted 00:00:16 (27 turns).

boopmooplesden the Fighter (Minotaur Fighter)         Turns: 27, Time: 00:00:16

Health: 0/56       AC:  8    Str: 23    XL:     5   Next: 74%
Magic:  4/4        EV: 10    Int:  5    God:
Gold:   0          SH:  5    Dex:  9    Spells: 4/4 levels left

rFire   . . .        a - +0 war axe
rCold   . . .        c - +0 buckler
rNeg    . . .        b - +0 scale mail
rPois   .            (helmet restricted)
rElec   .            (no cloak)
rCorr   .            (no gloves)
SInv    .            (no boots)
Will    .....        (no amulet) Stlth
                     (no ring)
HPRegen 0.29/turn    (no ring)
MPRegen 0.09/turn

%: no teleportation
@: lethally poisoned (0 -> -5), hasted, very quick
A: horns 2, retaliatory headbutt
a: no special abilities


You were in the Dungeon.
You visited 1 branch

Inventory:

Hand Weapons
 a - a +0 war axe (weapon)
Armour
 b - a +0 scale mail (worn)
 c - a +0 buckler (worn)
Scrolls
 j - a scroll of blinking
Potions
 d - a potion of might
 e - a potion of curing
 f - a potion of heal wounds
 h - 2 potions of magic
 i - a potion of berserk rage


   Skills:
 + Level 8.8 Fighting
 + Level 6.0 Axes
 + Level 8.5 Armour
 + Level 1.0 Dodging
 + Level 7.9 Shields


You had 4 spell levels left.
You didn't know any spells.
Your spell library was empty.

Dungeon Overview and Level Annotations

Branches:
Dungeon (1/1)

Altars:


Innate Abilities, Weirdness & Mutations

You have a pair of horns on your head.
You reflexively headbutt those who attack you in melee.


Message History

You slash the scorpion!
You kill the scorpion!
You feel sick.
Your Fighting skill increases to level 8!
Your Axes skill increases to level 5!
Your Shields skill increases to level 7!
You have reached level 5!
You hit the scorpion but do no damage.
You feel sick. You block the scorpion's attack.
You barely miss the scorpion.
You feel sick. The scorpion stings you.
* * * LOW HITPOINT WARNING * * *
You closely miss the scorpion. You headbutt the scorpion!
The scorpion is heavily wounded.
You feel sick.
The scorpion stings you but does no damage.
You barely miss the scorpion. Your headbutt misses the scorpion.
The scorpion is heavily wounded.
You feel sick. The scorpion closely misses you.
You barely miss the scorpion.
You headbutt the scorpion, but do no damage.
The scorpion is heavily wounded.
You feel sick. The scorpion closely misses you.
You barely miss the scorpion. You headbutt the scorpion.
The scorpion is heavily wounded.
You feel sick. The scorpion stings you.
* * * LOW HITPOINT WARNING * * *
You hit the scorpion.
The scorpion is almost dead.
The scorpion stings you.
* * * LOW HITPOINT WARNING * * *
You are lethally poisoned!
The scorpion poisons you!
Unknown command.
You slash the scorpion!
You kill the scorpion!
* * * LOW HITPOINT WARNING * * *
You feel sick.
Your Axes skill increases to level 6!
Your Armour skill increases to level 8!
Your Dodging skill increases to level 1!
You die...

###
###
#..
..#
#.#.#
#@#
##.##
+.<.+
##.##
#+#


There were no monsters in sight!

Vanquished Creatures
  4 scorpions (D)
4 creatures vanquished.

Notes
Turn   | Place    | Note
-------+----------+-------------------------------------------
     0 | D        | boopmooplesden the Minotaur Fighter began the quest for the
                  | Orb.
     0 | D        | Reached XP level 1. HP: 19/19 MP: 0/0
     1 | D        | Noticed a scorpion
     1 | D        | Noticed a scorpion
     1 | D        | Noticed a scorpion
     1 | D        | Noticed a scorpion
     9 | D        | Killed a scorpion
    10 | D        | Reached skill level 5 in Shields
    10 | D        | Reached XP level 2. HP: 23/30 MP: 1/1
    10 | D        | Reached XP level 3. HP: 29/37 MP: 2/2
    14 | D        | Killed a scorpion
    15 | D        | Reached XP level 4. HP: 24/47 MP: 3/3
    18 | D        | Killed a scorpion
    19 | D        | Reached skill level 5 in Axes
    19 | D        | Reached XP level 5. HP: 16/53 MP: 4/4
    26 | D        | HP: 1/53 [poisoned by a scorpion]
    27 | D        | Reached skill level 1 in Dodging
    27 | D        | Succumbed to a scorpion's poison

Illustrated notes

Levels and vault maps discovered:
D:        the_violet_keep_of_menkaure [sprint2_stairs_cluster_1,
          sprint2_shoproom, sprint2_temple, sprint2_basic_supplies,
          sprint2_obstacle_5, sprint2_obstacle_2, sprint2_obstacle_7,
          sprint2_obstacle_1, sprint2_obstacle_4, sprint2_timed_cluster_1,
          sprint2_smallroom_cluster_1, sprint2_smallroom_final_cluster_1,
          sprint2_transparent_cluster_1, sprint2_second_timed_cluster_1,
          sprint2_sniper_area_1, sprint2_heavy_combat_area_1,
          sprint2_mutation_trap_area_1, sprint2_forest_area_1,
          sprint2_light_combat_area_1, sprint2_behind_water_1,
          sprint2_near_end_vault_1]

Skill      XL: |  1  2  3  4  5 |
---------------+----------------+-----
Fighting       | 6 7 8 |  8.8
Axes           | 3 4 5 6 |  6.0
Armour         | 6 7 8 |  8.5
Shields        | 5 6 7 |  7.9
Dodging        | 1 |  1.0

Action                     |  1- 3 |  4- 6 || total
---------------------------+-------+-------++-------
  Melee: War axe           |    12 |    12 ||    24
         Headbutt          |     3 |     3 ||     6
    Use: Potion            |     1 |       ||     1
 Armour: Scale mail        |     3 |     3 ||     6
  Dodge: Dodged            |     3 |     2 ||     5
  Block: Buckler           |     1 |     1 ||     2
